 Dungeon Crawl Stone Soup version 0.25.1-8-g42b30a86e7 (webtiles) character file.

Game seed: 3533899958870164023

124 Clowwww the Chopper (level 5, 46/46 HPs)
             Began as a Hill Orc Fighter on Nov 30, 2020.
             Quit the game on level 3 of the Dungeon.
             The game lasted 00:05:26 (1188 turns).

Clowwww the Chopper (Hill Orc Fighter)              Turns: 1188, Time: 00:05:26

Health: 46/46      AC:  8    Str: 20    XL:     5   Next: 8%
Magic:  5/5        EV:  8    Int:  8    God:
Gold:   85         SH:  9    Dex: 10    Spells: 4/4 levels left

rFire    . . .     SeeInvis .   a - +0 war axe
rCold    . . .     Gourm    .   c - +0 kite shield
rNeg     . . .     Faith    .   b - +0 scale mail
rPois    .         Spirit   .   (no helmet)
rElec    .         Reflect  .   e - +0 cloak
rCorr    .         Harm     .   (no gloves)
MR       .....                  (no boots)
Stlth    ..........             (no amulet)
HPRegen  0.15/turn              (no ring)
MPRegen  0.09/turn              (no ring)

@: no status effects
A: sense surroundings 1, MP-powered wands, sturdy frame 1
a: no special abilities


You were on level 3 of the Dungeon.
You were not hungry.

You visited 1 branch of the dungeon, and saw 3 of its levels.

You collected 85 gold pieces.

Inventory:

Hand Weapons
 a - a +0 war axe (weapon)
Missiles
 k - a throwing net (quivered)
Armour
 b - a +0 scale mail (worn)
 c - a +0 kite shield (worn)
 e - a +0 cloak (worn)
Wands
 n - a wand of flame (22)
Potions
 d - a potion of might
Comestibles
 f - 4 rations
 g - a chunk of flesh


   Skills:
 + Level 4.2 Fighting
 + Level 4.6 Axes
 + Level 3.7 Armour
 + Level 0.6 Dodging
 + Level 4.1 Shields
 + Level 0.2 Evocations


You had 4 spell levels left.
You didn't know any spells.
Your spell library was empty.

Dungeon Overview and Level Annotations

Branches:
Dungeon (3/15)

Altars:
Ru


Innate Abilities, Weirdness & Mutations

You passively map a small area around you.
You expend magic power (3 MP) to strengthen your wands.
Your movements are slightly less encumbered by armour. (ER -2)


Message History

g - a chunk of flesh You see here a rat skeleton. x2
A hobgoblin comes into view.
The hobgoblin shouts!
You see here 4 gold pieces.
A hobgoblin is nearby!
You block the hobgoblin's attack.
You hit the hobgoblin.
The hobgoblin is heavily wounded.
The hobgoblin barely misses you. You block the hobgoblin's attack.
Your magical contamination has completely faded away.
You closely miss the hobgoblin.
The hobgoblin is heavily wounded.
The hobgoblin hits you but does no damage.
You slash the hobgoblin!
You kill the hobgoblin!
You see here a hobgoblin corpse.
Quiver which item? (- for none, * to show all) (? for menu, Esc to quit)
Okay, then.
Are you sure you want to abandon this character and quit the game? (Confirm with "yes".)

* * * .. , ,
..** * #. * ,
,* .## * , ...
* , #.# * # #.#
...#.##@## *
.........# ,
#.#####..# *,
#..# #$.# ,
#..# , *
######..# ,
#.......# *
#####...#######


There were no monsters in sight!

Vanquished Creatures
  A big kobold (D:2)
  An adder (D:2)
  An ooze (D:2)
  A worm (D:2)
  A dart slug (D:1)
  A leopard gecko (D:1)
  4 bats
  5 hobgoblins
  7 frilled lizards
  8 goblins
  4 kobolds
  3 rats
37 creatures vanquished.

Notes
Turn   | Place    | Note
-------+----------+-------------------------------------------
     0 | D:1      | Clowwww the Hill Orc Fighter began the quest for the Orb.
     0 | D:1      | Reached XP level 1. HP: 19/19 MP: 1/1
   171 | D:1      | Reached XP level 2. HP: 27/27 MP: 2/2
   430 | D:1      | Reached XP level 3. HP: 33/33 MP: 3/3
   753 | D:2      | Noticed a big kobold
   766 | D:2      | Killed a big kobold
   766 | D:2      | Reached XP level 4. HP: 40/40 MP: 4/4
   846 | D:2      | Reached XP level 5. HP: 40/46 MP: 5/5
   936 | D:2      | Found a sacrificial altar of Ru.
  1145 | D:2      | Gained mutation: Your mind is acute. (Int +2) [potion of
                  | mutation]
  1145 | D:2      | Gained mutation: You are partially covered in yellow
                  | scales. (AC +2) [potion of mutation]
  1146 | D:2      | Lost mutation: Your mind is acute. (Int +2) [potion of
                  | mutation]
  1146 | D:2      | Gained mutation: You expend magic power (3 MP) to
                  | strengthen your wands. [potion of mutation]
  1146 | D:2      | Gained mutation: Your movements are slightly less
                  | encumbered by armour. (ER -2) [potion of mutation]
  1147 | D:2      | Lost mutation: You expend magic power (3 MP) to strengthen
                  | your wands. [potion of mutation]
  1147 | D:2      | Lost mutation: You are partially covered in yellow scales.
                  | (AC +2) [potion of mutation]
  1147 | D:2      | Gained mutation: You passively map a small area around you.
                  | [potion of mutation]
  1147 | D:2      | Gained mutation: You expend magic power (3 MP) to
                  | strengthen your wands. [potion of mutation]
  1188 | D:3      | Quit the game

Illustrated notes

Levels and vault maps discovered:
D:1:      wander_arrival_lonely_grave, layout_basic
D:2:      layout_rooms, lemuel_doored_altar, due_unseen_surprise
D:3:      layout_loops_ring, uniq_ijyb, uniq_crazy_yiuf_cottage

Skill      XL: |  1  2  3 |
---------------+----------+-----
Axes           | 3 4 |  4.6
Fighting       | 4 |  4.2
Shields        | 4 |  4.1
Armour         | |  3.7
Dodging        | |  0.6
Evocations     | |  0.2

Action                   |  1- 3 |  4- 6 || total
-------------------------+-------+-------++-------
Melee: War axe           |    87 |    32 ||   119
Evoke: Wand              |     2 |       ||     2
  Use: Scroll            |       |     6 ||     6
       Potion            |       |     3 ||     3
  Eat: Chunk             |       |     1 ||     1
Armor: Scale mail        |    46 |    18 ||    64
Dodge: Dodged            |    30 |    14 ||    44
Block: Kite shield       |    42 |    19 ||    61
